 Dungeon Crawl Stone Soup version 0.21-a0-50-g941c862 (webtiles) character file.

30 Duffy the Shield-Bearer (level 3, -1/29 HPs)
             Began as a Formicid Fighter on June 11, 2017.
             Slain by an adder (4 damage)
             ... on level 2 of the Dungeon.
             The game lasted 00:00:43 (957 turns).

Duffy the Shield-Bearer (Formicid Fighter)           Turns: 957, Time: 00:00:44

Health: -1/29      AC:  6    Str: 21    XL:     3   Next: 37%
Magic:  3/3        EV:  8    Int:  9    God:
Gold:   12         SH:  9    Dex: 10    Spells: 2/2 levels left

rFire    . . .     SeeInvis +   a - +0 war axe
rCold    . . .     Gourm    .   c - +0 shield
rNeg     . . .     Faith    .   b - +0 scale mail
rPois    .         Spirit   .   (helmet unavailable)
rElec    .         Reflect  .   (no cloak)
rCorr    .         Harm     .   (no gloves)
MR       .....                  (no boots)
Stlth    ..........             (no amulet)
Regen    0.1/turn               h - +2 ring of intelligence (curse)
MPRegen  0.1/turn               (no ring)

@: lethally poisoned (-1 -> -2)
A: permanent stasis, dig shafts and tunnels, four strong arms, antennae 3
a: Dig, Shaft Self


You were on level 2 of the Dungeon.
You were not hungry.

You visited 1 branch of the dungeon, and saw 2 of its levels.

You collected 12 gold pieces.

Inventory:

Hand Weapons
 a - a +0 war axe (weapon)
Armour
 b - a +0 scale mail (worn)
 c - a +0 shield (worn)
Jewellery
 h - a cursed +2 ring of intelligence (left hand)
Scrolls
 e - a scroll of teleportation {unknown}
 j - a scroll of identify {unknown}
 k - a scroll of recharging {unknown}
Potions
 d - a potion of might
Comestibles
 f - a bread ration
 g - 3 meat rations
 i - 4 chunks of flesh


   Skills:
 - Level 3.2 Fighting
 + Level 3.0 Axes
 - Level 3.2 Armour
 + Level 4.3 Shields


You had 2 spell levels left.
You didn't know any spells.

Dungeon Overview and Level Annotations

Branches:
Dungeon (2/15)

Altars:
Hepliaklqana


Innate Abilities, Weirdness & Mutations

You cannot be hasted, slowed, berserked, paralysed or teleported.
You can dig through walls and to a lower floor.
Your four strong arms can wield two-handed weapons with a shield.
You have a pair of large antennae on your head. (SInv)


Message History

You feel sick. You block the adder's attack.
The leopard gecko barely misses you. The adder bites you but does no damage.
You closely miss the adder.
The adder is severely wounded.
You closely miss the leopard gecko.
The leopard gecko bites you but does no damage.
The adder barely misses you. You block the leopard gecko's attack.
The adder bites you.
You hit the adder.
The adder is almost dead.
You barely miss the leopard gecko. The leopard gecko barely misses you.
The adder completely misses you.
The leopard gecko bites you but does no damage.
The adder bites you.
You barely miss the adder.
The adder is almost dead.
You hit the leopard gecko.
You kill the leopard gecko!
You feel sick. The adder bites you.
You die...

#..###...#.# . ..
#..##...._.. #.#
#.##...#.#..#
..########.........#.
...#...##.#.......... .
#.....(#...#..>....#
...##......().##.##.#...
......>.<.<%..........##
##.S@..............#
##................#
#.....)............
#.................
#.....(..........
..#.....#.........
.#..#....#....(...
......#.#######.
........#


You could see an adder.

Vanquished Creatures
  An ooze (D:2)
  2 leopard geckos
  2 goblins
  3 hobgoblins
  3 bats
  4 frilled lizards
  4 kobolds (D:1)
  7 rats
26 creatures vanquished.

Notes
Turn   | Place    | Note
-------+----------+-------------------------------------------
     0 | D:1      | Duffy the Formicid Fighter began the quest for the Orb.
     0 | D:1      | Reached XP level 1. HP: 18/18 MP: 1/1
   437 | D:1      | Reached XP level 2. HP: 24/24 MP: 2/2
   835 | D:1      | Reached skill level 4 in Shields
   918 | D:2      | Reached XP level 3. HP: 29/29 MP: 3/3
   930 | D:2      | Found a hazy altar of Hepliaklqana.
   957 | D:2      | Slain by an adder

Vault maps used:
D:1:      saegor_arrival_simple_f, serial_forest, infiniplex_forest_lined_3,
          infiniplex_forest_clump_tiny, infiniplex_forest_lined_2,
          infiniplex_forest_clump_medium, infiniplex_forest_corner_1,
          infiniplex_forest_lined_1, infiniplex_forest_lined_2,
          infiniplex_forest_clump_medium, infiniplex_forest_lined_1
D:2:      lemuel_crystal_altar, lemuel_doored_altar, uniq_terence

Skill      XL: |  1  2 |
---------------+-------+-----
Shields        | 4 |  4.3
Axes           | 3 |  3.0
Fighting       | |  3.2
Armour         | |  3.2

Action                   || total
-------------------------++-------
Melee: War axe           ||    69
Armor: Scale mail        ||    40
Dodge: Dodged            ||    38
Block: Shield            ||    43
